AoeStats
← Manaball

Arabia

507589748Analyzed
1v1 RM · 15d ago on Sep 18, 2026· 41m 29s· 2 players
Game mode
Random Map
Map size
Tiny (2 player)
Population
200
Speed
Normal
Resources
Standard
Victory
Conquest
Starting age
Dark Age
Ending age
Imperial Age
RankedLock teamsTeams togetherTeam positionsShared explorationLock speedFull tech treeHidden civsTurbo modeCheats
Victory
Defeat
🇩🇪 Vietnamese · Germany
871
+14
🇦🇷 Vietnamese · Argentina
834
-14
MAREKE
8:18 Loom
10:04 Feudal Age
12:43 Double-Bit Axe
13:54 Horse Collar
18:36 Wheelbarrow
21:35 Castle Age
20:31 Fletching
22:22 Bodkin Arrow
22:56 Padded Archer Armor
23:27 Elite Skirmisher
24:35 Bloodlines
25:15 Scale Barding Armor
25:23 Forging
26:45 Leather Archer Armor
28:31 Bow Saw
29:21 Scale Barding Armor
30:22 Gold Mining
30:23 Stone Mining
30:28 Town Watch
35:25 Hand Cart
40:48 Imperial Age
41:16 Imperial Skirmisher
Manaball
5:31 Loom
11:34 Feudal Age
12:08 Double-Bit Axe
12:08 Horse Collar
14:45 Fletching
15:34 Wheelbarrow
23:17 Castle Age
24:02 Bodkin Arrow
23:36 Light Cavalry
24:50 Thumb Ring
24:33 Crossbowman
27:58 Bloodlines
28:49 Padded Archer Armor
29:59 Hand Cart
29:30 Town Watch
30:39 Heavy Plow
30:52 Bow Saw
32:35 Leather Archer Armor
34:12 Gold Mining
34:13 Stone Mining
36:33 Husbandry
36:41 Scale Barding Armor
36:48 Forging
38:07 Chain Barding Armor
38:00 Chatras
41:05 Iron Casting
Connection lost

Rejoining the realm…

Still unreachable

The connection could not be restored.

Session expired

The server has moved on; the page needs a fresh start.